 Dungeon Crawl Stone Soup version 0.29-a0-380-gf50f0a9fbc (webtiles) character file.

Game seed: 12280836151598599088

27 Hubjo the Firebug (level 2, 0/16 HPs)
             Began as a Deep Elf Fire Elementalist on May 5, 2022.
             Was a Follower of Wu Jian.
             Slain by a rat (2 damage)
             ... on level 2 of the Dungeon.
             The game lasted 00:00:58 (1583 turns).

Hubjo the Firebug (Deep Elf Fire Elementalist)      Turns: 1583, Time: 00:00:59

Health: 0/16       AC:  2    Str:  5    XL:     2   Next: 93%
Magic:  8/8        EV: 12    Int: 19    God:    Wu Jian [*.....]
Gold:   30         SH:  0    Dex: 15    Spells: 6/7 levels left

rFire   . . .      SeeInvis .   g - +0 dagger
rCold   . . .      Faith    .   (no shield)
rNeg    . . .      Spirit   .   a - +0 robe
rPois   .          Reflect  .   (no helmet)
rElec   .          Harm     .   (no cloak)
rCorr   .          Rampage  .   (no gloves)
Will    .....                   (no boots)
Stlth   ++........              (no amulet)
HPRegen 0.05/turn               (no ring)
MPRegen 0.11/turn               (no ring)

@: no status effects
A: no striking features
a: Renounce Religion


You were on level 2 of the Dungeon.
You worshipped Wu Jian.
Wu Jian was aware of your devotion.
You visited 1 branch of the dungeon, and saw 2 of its levels.

You collected 30 gold pieces.

Inventory:

Hand Weapons
 g - a +0 dagger (weapon)
Armour
 a - a +0 robe (worn)
Scrolls
 c - a scroll of teleportation {unknown}
 d - a scroll of identify {unknown}
 e - a scroll of amnesia {unknown}
Potions
 b - a potion of magic
 f - a potion of curing {unknown}
 h - a potion of brilliance {unknown}


   Skills:
 * Level 1.2 Fighting
 - Level 2.4 Dodging
 + Level 3.0 Stealth
 + Level 3.4 Spellcasting
 - Level 1.1 Conjurations
 + Level 3.5 Fire Magic


You had 6 spell levels left.
You knew the following spells:

 Your Spells              Type           Power      Damage    Failure   Level
a - Foxfire               Conj/Fire      48%        2x1d6     5%          1

Your spell library contained the following spells:

 Spells                   Type           Power      Damage    Failure   Level
 Scorch                   Fire           32%        2d7       4%          2
 Conjure Flame            Conj/Fire      12%        6-21      17%         3
 Inner Flame              Hex/Fire       10%        N/A       22%         3
 Flame Wave               Conj/Fire      12%        2d6       50%         4


Dungeon Overview and Level Annotations

Branches:
Dungeon (2/15)

Altars:
Wu Jian


Message History

The rat misses you. The rat bites you. The rat bites you but does no damage.
The rat barely misses you. The rat closely misses you. The rat misses you.
The rat bites you. The rat bites you. The rat barely misses you.
The rat closely misses you. The rat barely misses you. The rat bites you.
The rat closely misses you. The rat barely misses you.
The rat barely misses you. The rat bites you. The rat closely misses you.
The rat barely misses you. The rat closely misses you.
The rat closely misses you. The rat bites you but does no damage.
The rat closely misses you. The rat bites you but does no damage.
The rat bites you.
* * * LOW HITPOINT WARNING * * *
The rat bites you.
* * * LOW HITPOINT WARNING * * *
The rat barely misses you. The rat barely misses you.
The rat barely misses you.
The rat twitches its whiskers.
The rat bites you but does no damage. The rat misses you.
The rat closely misses you. The rat barely misses you.
The rat barely misses you. The rat bites you but does no damage.
The rat bites you but does no damage. The rat bites you.
You die...

..# #.#
#.# #.#
## #.# ..
#.#
#####.#.#
.....gr@#
#.....###
+....
#... #..
#. #


You could see a goblin and a rat.

Vanquished Creatures
  A dart slug (D:1)
  2 ball pythons (D:1)
  4 endoplasms (D:1)
  3 goblins (D:1)
  2 hobgoblins (D:1)
  2 kobolds (D:1)
  A quokka (D:1)
  2 bats (D:1)
  4 frilled lizards (D:1)
  A rat (D:1)
22 creatures vanquished.

Vanquished Creatures (others)
  117 foxfires (D:1)
117 creatures vanquished.

Grand Total: 139 creatures vanquished

Notes
Turn   | Place    | Note
-------+----------+-------------------------------------------
     0 | D:1      | Hubjo the Deep Elf Fire Elementalist began the quest for
                  | the Orb.
     0 | D:1      | Reached XP level 1. HP: 10/10 MP: 6/6
   447 | D:1      | Reached XP level 2. HP: 16/16 MP: 4/8
   671 | D:1      | Reached skill level 1 in Fighting
  1476 | D:1      | Found a faded altar of an unknown god.
  1507 | D:1      | Prayed at the altar of an unknown god.
  1507 | D:1      | Became a worshipper of the Wu Jian Council
  1507 | D:1      | Reached * piety under Wu Jian
  1583 | D:2      | Slain by a rat

Illustrated notes

Levels and vault maps discovered:
D:1:      lordsloth_arrival_two_stooges, layout_loops_ring,
          dilly_ecumenical_altar_fadedgnrine, minmay_cut_off
D:2:      layout_basic, minmay_octomino_e4

Skill      XL: |  1  2 |
---------------+-------+-----
Fighting       | 1 |  1.2
Stealth        | 3 |  3.0
Dodging        | |  2.4
Spellcasting   | |  3.4
Conjurations   | |  1.1
Fire Magic     | |  3.5

Action                   || total
-------------------------++-------
Melee: Unarmed           ||     2
 Cast: Foxfire           ||    75
Armor: Robe              ||     7
Dodge: Dodged            ||    27

Table legend: (Time is in decaauts)
 A = Elapsed time spent in this place.
 B = Non-inter-level travel time spent in this place.
 C = Inter-level travel time spent in this place.
 D = Time resting spent in this place.
 E = Time spent auto-exploring this place.
 F = Levels seen in this place.
 G = Mean time per level.
                   A        B        C        D        E       F      G
               +--------+--------+--------+--------+--------+-----+--------+
         Total |   1582 |   1543 |     39 |      0 |   1365 |   2 |  791.0 |
       Dungeon |   1582 |   1543 |     39 |      0 |   1365 |   2 |  791.0 |
               +--------+--------+--------+--------+--------+-----+--------+

Top non-repeatable levels by time:
     D:1: 1531 daAuts
     D:2: 50 daAuts
